 Dungeon Sprint DCSS version 0.17-a0-1515-gfae3d72 (webtiles) character file.

74 nuthulu the Skirmisher (level 4, -3/31 HPs)
             Began as a Gargoyle Fighter on July 12, 2015.
             Slain by a water elemental (4 damage)
             ... in the Dungeon (Sprint III: "The Ten Rune Challenge").
             The game lasted 00:01:20 (343 turns).

nuthulu the Skirmisher (Gargoyle Fighter)            Turns: 343, Time: 00:01:20

Health: -3/31      AC: 14    Str: 21    XL:     4   Next: 28%
Magic:  4/4        EV:  7    Int:  8    God:
Gold:   40         SH: 10    Dex:  9    Spells: 0 memorised, 3 levels left

rFire  . . .     SeeInvis .     a - +0 flail
rCold  . . .     Clarity  .     b - +0 scale mail
rNeg   + . .     SustAt   .     c - +0 shield
rPois  ∞         Gourm    .     (no helmet)
rElec  +         Spirit   .     g - +2 cloak {rPois}
rCorr  .         Warding  .     (no gloves)
rMut   .         NoTele   +     (no boots)
MR     .....                    (no amulet)
Stlth  ..........               (no ring)
                                (no ring)

@: engulfed, not resistant to hostile enchantments, extremely unstealthy
A: negative energy resistance 1, electricity resistance, spit poison 1,
unbreathing, petrification resistance, rot immunity, AC +3
a: Spit Poison


You were in the Dungeon.
You were not hungry.

You visited 1 branch You collected 40 gold pieces.

Inventory:

Hand weapons
 a - a +0 flail (weapon)
Armour
 b - a +0 scale mail (worn)
 c - a +0 shield (worn)
 g - a +2 cloak of poison resistance (worn)
Scrolls
 k - a scroll of blinking
 l - a scroll of random uselessness {unknown}
 n - 2 scrolls of holy word {unknown}
 o - 4 scrolls of identify
 p - 2 scrolls of remove curse
Potions
 d - a potion of might
 f - a potion of curing
 h - a potion of haste
 i - 2 potions of magic
 j - a potion of berserk rage
 q - 3 potions of cure mutation
 r - 4 potions of flight
Comestibles
 e - 2 bread rations
 s - 2 fruits


   Skills:
 + Level 5.5 Fighting
 + Level 4.3 Maces & Flails
 + Level 5.4 Armour
 + Level 5.4 Shields


You had 3 spell levels left.
You didn't know any spells.

Dungeon Overview and Level Annotations

Branches:
Dungeon (1/1)

Altars:


Innate Abilities, Weirdness & Mutations

You are resistant to torment.
Your stone body is resilient (AC +3).
You are immune to poison.
You resist negative energy.
You are resistant to electric shocks.
You can survive without breathing.
You are immune to petrification.
You are immune to rotting.
You can spit weak poison.


Message History

The water elemental hits you. You block the water elemental's attack.
You barely miss the water elemental.
The water elemental is lightly damaged.
The water elemental hits you!
You hit the water elemental.
The water elemental is lightly damaged.
You block the water elemental's attack.
You barely miss the water elemental.
The water elemental is lightly damaged.
The water elemental hits you.
Your shield prevents you from hitting the water elemental.
The water elemental is lightly damaged.
The water elemental hits you!
* * * LOW HITPOINT WARNING * * *
The water elemental hits you.
* * * LOW HITPOINT WARNING * * *
You hit the water elemental.
The water elemental is lightly damaged.
The water elemental hits you.
You die...

▓▓▓▓▓▓▓▓ ▓▓▓ <..#...####
##.# ...#......#####..#
..##.[.....#..#..#
##.##.##...#..#..# #+#+#
##.##.###..##'#..#......
#.####.##..###..@E.⌠....
.###..##..####...#...###
#.....##..###....# ⌠.#
###..##...##.....# .#
##..##....#).....# #
#..###..##.#.....# #..#
#..#####....# ▓▓▓▓ ▓▓▓▓
▓▓▓▓▓▓


You could see a water elemental.

Vanquished Creatures
  Crazy Yiuf (D)
  Jessica (D)
  A human (D)
  2 rats (D)
5 creatures vanquished.

Vanquished Creatures (others)
  2 draconian scorchers (D)
  A yaktaur (D)
3 creatures vanquished.

Grand Total: 8 creatures vanquished

Notes
Turn   | Place    | Note
--------------------------------------------------------------
     0 | D        | nuthulu the Gargoyle Fighter began the quest for the Orb.
     0 | D        | Reached XP level 1. HP: 14/14 MP: 1/1
    29 | D        | Noticed Jessica
    47 | D        | Killed Jessica
    47 | D        | Reached skill level 4 in Fighting
    47 | D        | Reached XP level 2. HP: 12/20 MP: 2/2
    47 | D        | Reached XP level 3. HP: 14/24 MP: 3/3
   179 | D        | Reached skill level 5 in Fighting
   179 | D        | Reached skill level 5 in Armour
   180 | D        | Noticed Crazy Yiuf
   187 | D        | Killed Crazy Yiuf
   187 | D        | Reached skill level 5 in Shields
   187 | D        | Reached XP level 4. HP: 17/31 MP: 4/4
   194 | D        | Killed a yaktaur
   208 | D        | Killed a white draconian scorcher
   235 | D        | Killed a white draconian scorcher
   318 | D        | Gained mutation: You have sharp fingernails. [potion of mutation]
   318 | D        | Gained mutation: You have a pair of small horns on your head. [potion of mutation]
   318 | D        | Gained mutation: You can spit weak poison. [potion of mutation]
   319 | D        | Gained mutation: Your magical capacity is low (-10% MP). [potion of mutation]
   319 | D        | Gained mutation: You tend to lose your temper in combat. [potion of mutation]
   320 | D        | Lost mutation: Your magical capacity is low (-10% MP). [potion of cure mutation]
   320 | D        | Lost mutation: You have sharp fingernails. [potion of cure mutation]
   320 | D        | Lost mutation: You have a pair of small horns on your head. [potion of cure mutation]
   320 | D        | Lost mutation: You tend to lose your temper in combat. [potion of cure mutation]
   333 | D        | Noticed a water elemental
   342 | D        | HP: 1/31 [water elemental (2)]
   343 | D        | Slain by a water elemental

Vault maps used:
D:        dungeon_sprint_mu

Action                   |  1- 3 |  4- 6 || total
-------------------------+-------+-------++-------
Melee: Flail             |    19 |     9 ||    28
  Use: Potion            |     1 |     3 ||     4
